[Event "Queens Festival Final-C 2022"]
[Site "Tornelo"]
[Date "2022.06.25"]
[Round "1.1"]
[White "Orbe Vivero, Veronica Priscila"]
[Black "Castillo Beitia, Ashley Alexandra"]
[Result "0-1"]
[ECO "B22"]
[WhiteElo "1636"]
[BlackElo "1620"]
[Annotator "NA RC"]
[PlyCount "46"]
[EventDate "2022.06.24"]
[EventType "tourn"]
[EventCountry "NET"]
[SourceTitle "playchess.com"]
[Source "ChessBase"]
[SourceQuality "1"]
[TimeControl "180+2"]

1. e4 c5 2. c3 d5 3. exd5 Qxd5 4. d4 Nc6 5. Nf3 Bf5 6. Be2 Bxb1 7. Rxb1 Nf6 8. O-O e6 9. Be3 cxd4 10. cxd4 Be7 11. a3 O-O 12. b4 a6 13. h3 Rfd8 14. Rc1 Rac8 15. Bc4 Qd6 16. Qb3 Nd5 17. Rfd1 Bf6 18. b5 Na5 19. Qa4 Nxc4 20. Rxc4 Nb6 21. Rxc8 Nxa4 22. Rxd8+ Qxd8 23. bxa6 bxa6 0-1

[Event "Queens Festival Final-C 2022"]
[Site "Tornelo"]
[Date "2022.06.25"]
[Round "1.2"]
[White "Vicze, Zsofia"]
[Black "Pragnya H G"]
[Result "1-0"]
[ECO "B55"]
[WhiteElo "1749"]
[BlackElo "1605"]
[Annotator "NA RC"]
[PlyCount "105"]
[EventDate "2022.06.24"]
[EventType "tourn"]
[EventCountry "NET"]
[SourceTitle "playchess.com"]
[Source "ChessBase"]
[SourceQuality "1"]
[TimeControl "180+2"]

1. e4 c5 2. Nf3 d6 3. d4 cxd4 4. Nxd4 Nf6 5. f3 a6 6. c4 e5 7. Nc2 Be6 8. Nc3 Nbd7 9. Be3 Be7 10. Be2 O-O 11. O-O Rc8 12. b3 Ne8 13. Bf2 b5 14. Ne3 bxc4 15. Nxc4 f5 16. Rc1 Nc5 17. Qc2 Bg5 18. Rcd1 Qc7 19. Qb1 Kh8 20. Kh1 Bxc4 21. Bxc4 fxe4 22. Nxe4 Nxe4 23. Qxe4 Nf6 24. Qb1 a5 25. Rd3 e4 26. fxe4 Nxe4 27. Bg1 Nd2 28. Rxf8+ Rxf8 29. Qb2 Nxc4 30. bxc4 Qxc4 31. Rxd6 Bf6 32. Qd2 h6 33. h3 Be5 34. Rd8 Rxd8 35. Qxd8+ Kh7 36. Qd1 Qe4 37. Qd2 a4 38. a3 Bf4 39. Qc3 Be5 40. Qc5 Bd4 41. Qxd4 Qxd4 42. Bxd4 g5 43. Kg1 Kg6 44. Kf2 Kf5 45. Ke3 h5 46. Kf3 g4+ 47. hxg4+ hxg4+ 48. Ke3 Kg6 49. g3 Kf5 50. Bc5 Ke6 51. Kf4 Kd5 52. Bb4 Kc4 53. Kxg4 1-0

[Event "Queens Festival Final-C 2022"]
[Site "Tornelo"]
[Date "2022.06.25"]
[Round "1.4"]
[White "Jimenez Salas, Maria Teresa"]
[Black "Lampard, Alice"]
[Result "1-0"]
[ECO "B38"]
[WhiteElo "1813"]
[BlackElo "1756"]
[Annotator "NA RC"]
[PlyCount "77"]
[EventDate "2022.06.24"]
[EventType "tourn"]
[EventCountry "NET"]
[SourceTitle "playchess.com"]
[Source "ChessBase"]
[SourceQuality "1"]
[TimeControl "180+2"]

1. e4 c5 2. Nf3 Nc6 3. d4 cxd4 4. Nxd4 g6 5. c4 Bg7 6. Be3 Qb6 7. Nb3 Qc7 8. Qd2 Nf6 9. f3 d6 10. Nc3 b6 11. Be2 O-O 12. O-O Be6 13. Rac1 Rac8 14. Nd5 Qb7 15. Rfd1 Bxd5 16. cxd5 Ne5 17. Nd4 Qd7 18. h3 Qb7 19. a3 a6 20. a4 Rfe8 21. b4 Ned7 22. Nc6 Ne5 23. b5 Nxc6 24. bxc6 Qa7 25. Rb1 Rb8 26. a5 Rec8 27. axb6 Qa8 28. b7 Rxb7 29. cxb7 Qb8 30. bxc8=Q+ Qxc8 31. Rdc1 Qd7 32. Bxa6 h5 33. Bd3 Kh7 34. Rc2 Ne8 35. Ra2 Nc7 36. Ra7 Qc8 37. Rc1 Qb8 38. Rcxc7 Qb3 39. Rxe7 1-0

[Event "Queens Festival Final-C 2022"]
[Site "Tornelo"]
[Date "2022.06.25"]
[Round "1.5"]
[White "Davari, Sara"]
[Black "Stadlinger, Lea"]
[Result "1-0"]
[ECO "C54"]
[WhiteElo "1674"]
[BlackElo "1723"]
[Annotator "NA RC"]
[PlyCount "79"]
[EventDate "2022.06.24"]
[EventType "tourn"]
[EventCountry "NET"]
[SourceTitle "playchess.com"]
[Source "ChessBase"]
[SourceQuality "1"]
[TimeControl "180+2"]

1. e4 e5 2. Nf3 Nc6 3. Bc4 Bc5 4. c3 Nf6 5. d3 d6 6. O-O Be6 7. Bb3 O-O 8. Nbd2 Ne7 9. Re1 Ng4 10. d4 exd4 11. cxd4 Bb6 12. h3 Nf6 13. Nf1 Ng6 14. Ng3 Bxb3 15. Qxb3 Re8 16. Bd2 c6 17. Qc2 d5 18. e5 Nd7 19. Nf5 Bc7 20. b4 Ne7 21. Bg5 f6 22. Nxe7+ Rxe7 23. Bh4 Qf8 24. exf6 Nxf6 25. Rxe7 Qxe7 26. Re1 Qxb4 27. Bxf6 gxf6 28. Qf5 Qf8 29. Re6 Kg7 30. Nh4 Re8 31. Qg4+ Kh8 32. Qe2 Rxe6 33. Qxe6 Kg7 34. Nf5+ Kg6 35. Ne7+ Kg7 36. Nf5+ Kh8 37. Qd7 Bb6 38. Qe6 Qg8 39. Qxf6+ Qg7 40. Qxg7# 1-0

[Event "Queens Festival Final-C 2022"]
[Site "Tornelo"]
[Date "2022.06.25"]
[Round "2.1"]
[White "Castillo Beitia, Ashley Alexandra"]
[Black "Stadlinger, Lea"]
[Result "1-0"]
[ECO "D36"]
[WhiteElo "1620"]
[BlackElo "1723"]
[Annotator "NA RC"]
[PlyCount "71"]
[EventDate "2022.06.24"]
[EventType "tourn"]
[EventCountry "NET"]
[SourceTitle "playchess.com"]
[Source "ChessBase"]
[SourceQuality "1"]
[TimeControl "180+2"]

1. d4 d5 2. c4 e6 3. Nc3 Nf6 4. cxd5 exd5 5. Bg5 c6 6. e3 Be7 7. Bd3 O-O 8. Qc2 h6 9. Bh4 Nbd7 10. Nge2 c5 11. O-O c4 12. Bf5 a6 13. Bxd7 Qxd7 14. Bxf6 Bxf6 15. Nf4 b5 16. Ncxd5 Qc6 17. Qe4 Bb7 18. Nxf6+ gxf6 19. Qxc6 Bxc6 20. Rfd1 Rad8 21. d5 Bb7 22. Rd4 Rfe8 23. Rad1 Rd6 24. a4 Rc8 25. axb5 axb5 26. Ne2 Ba6 27. Nc3 f5 28. e4 b4 29. Na2 fxe4 30. Nxb4 Bb7 31. Rxe4 Rc5 32. Red4 Rb5 33. Rxc4 Bxd5 34. Rcd4 Rc5 35. Nxd5 Rdxd5 36. Rxd5 1-0

[Event "Queens Festival Final-C 2022"]
[Site "Tornelo"]
[Date "2022.06.25"]
[Round "2.2"]
[White "Lampard, Alice"]
[Black "Davari, Sara"]
[Result "1-0"]
[ECO "D36"]
[WhiteElo "1756"]
[BlackElo "1674"]
[Annotator "NA RC"]
[PlyCount "141"]
[EventDate "2022.06.24"]
[EventType "tourn"]
[EventCountry "NET"]
[SourceTitle "playchess.com"]
[Source "ChessBase"]
[SourceQuality "1"]
[TimeControl "180+2"]

1. d4 d5 2. c4 e6 3. Nc3 Nf6 4. cxd5 exd5 5. Qc2 Be7 6. Bg5 c6 7. e3 O-O 8. Nf3 Re8 9. Be2 h6 10. Bf4 Bg4 11. O-O Nbd7 12. Rab1 a5 13. a3 Bh5 14. Nd2 Bxe2 15. Nxe2 a4 16. Nc3 Qa5 17. Rfc1 Nh5 18. Ne2 Nxf4 19. Nxf4 Nf6 20. Nd3 Bd6 21. h3 Ne4 22. Nxe4 dxe4 23. Nc5 Bxc5 24. Qxc5 Qa6 25. Qc4 Qa5 26. Qc5 Qa6 27. Qc4 Qa5 28. Rc3 Qd8 29. Qb4 Qd7 30. Rc5 Ra6 31. Rbc1 Rd8 32. Qc3 Rf8 33. Qc2 Re8 34. Rd1 Qe7 35. Qc4 Qd7 36. d5 cxd5 37. Rdxd5 Qe6 38. Rd4 Qxc4 39. Rcxc4 b5 40. Rb4 Rb6 41. Rxe4 Rc8 42. Kh2 Rc2 43. Re5 Rxf2 44. Rexb5 Rg6 45. Rg4 Rxg4 46. hxg4 Re2 47. Rb4 Rxe3 48. Rxa4 Re2 49. b4 Re4 50. Ra8+ Kh7 51. Kg3 Re3+ 52. Kf4 Rb3 53. Ra5 g5+ 54. Ke4 Rg3 55. Kf5 Kg7 56. Ra7 Rxg2 57. b5 Rf2+ 58. Ke4 Rf4+ 59. Ke3 Rxg4 60. b6 Rg1 61. Ra4 Rc1 62. b7 Rb1 63. Rb4 Re1+ 64. Kf2 Re8 65. b8=Q Rxb8 66. Rxb8 h5 67. a4 g4 68. a5 h4 69. a6 f5 70. a7 f4 71. a8=Q 1-0

[Event "Queens Festival Final-C 2022"]
[Site "Tornelo"]
[Date "2022.06.25"]
[Round "2.3"]
[White "Sanudula, K M Dahamdi"]
[Black "Jimenez Salas, Maria Teresa"]
[Result "1-0"]
[ECO "D00"]
[WhiteElo "1710"]
[BlackElo "1813"]
[Annotator "NA RC"]
[PlyCount "141"]
[EventDate "2022.06.24"]
[EventType "tourn"]
[EventCountry "NET"]
[SourceTitle "playchess.com"]
[Source "ChessBase"]
[SourceQuality "1"]
[TimeControl "180+2"]

1. d4 d5 2. e3 Nf6 3. Bd3 c5 4. c3 Nc6 5. f4 Bg4 6. Nf3 e6 7. Nbd2 Be7 8. O-O O-O 9. Qe1 Qc7 10. Ne5 Bf5 11. Bb1 Bxb1 12. Rxb1 Ne4 13. Qe2 f6 14. Ng4 a6 15. Nxe4 dxe4 16. Qc4 Nd8 17. f5 b5 18. Qe2 exf5 19. Rxf5 Ne6 20. Bd2 Kh8 21. Be1 Qb7 22. Bg3 b4 23. Re1 bxc3 24. bxc3 a5 25. Qc4 Ra6 26. Rff1 Rc8 27. Qe2 Rb6 28. Rd1 Rb2 29. Rd2 Rb5 30. d5 Ng5 31. d6 Bd8 32. Nf2 a4 33. Qc4 a3 34. h4 h6 35. hxg5 fxg5 36. Nxe4 Qd7 37. Rf8+ Kh7 38. Qg8+ Kg6 39. Rdf2 Rb1+ 40. Kh2 Qg4 41. Qf7+ Kh7 42. Qf5+ Qxf5 43. R8xf5 Rb2 44. d7 Ra8 45. Nxc5 Ra7 46. Nd3 Rxf2 47. Rxf2 Rxd7 48. Ne5 Re7 49. c4 Re6 50. c5 Bc7 51. Nd3 Bxg3+ 52. Kxg3 Rxe3+ 53. Rf3 Re2 54. Nb4 Rb2 55. Rb3 Rd2 56. c6 Rd8 57. c7 Rc8 58. Nd5 Kg6 59. Rb8 Rxc7 60. Nxc7 h5 61. Ra8 h4+ 62. Kg4 Kh6 63. Ra6+ Kh7 64. Kxg5 h3 65. gxh3 Kg8 66. Ne6 Kh7 67. Ra7 Kh8 68. Kg6 Kg8 69. Rxg7+ Kh8 70. Ra7 Kg8 71. Ra8# 1-0

[Event "Queens Festival Final-C 2022"]
[Site "Tornelo"]
[Date "2022.06.25"]
[Round "2.5"]
[White "Orbe Vivero, Veronica Priscila"]
[Black "Vicze, Zsofia"]
[Result "1-0"]
[ECO "C02"]
[WhiteElo "1636"]
[BlackElo "1749"]
[Annotator "NA RC"]
[PlyCount "49"]
[EventDate "2022.06.24"]
[EventType "tourn"]
[EventCountry "NET"]
[SourceTitle "playchess.com"]
[Source "ChessBase"]
[SourceQuality "1"]
[TimeControl "180+2"]

1. e4 c5 2. c3 Nc6 3. d4 cxd4 4. cxd4 d5 5. e5 e6 6. Nc3 Bb4 7. Nf3 Nge7 8. Bd3 O-O 9. O-O h6 10. Ne2 Qb6 11. a3 a5 12. axb4 Nxb4 13. Bb1 Bd7 14. Nc3 Rfc8 15. Be3 Nec6 16. Qd2 Na7 17. Bxh6 g6 18. Bg5 Bb5 19. Bf6 Kh7 20. Ng5+ Kg8 21. Rd1 Qc7 22. Qf4 Kf8 23. Bxg6 Be8 24. Nh7+ Kg8 25. Bb1 1-0

[Event "Queens Festival Final-C 2022"]
[Site "Tornelo"]
[Date "2022.06.25"]
[Round "3.1"]
[White "Vicze, Zsofia"]
[Black "Castillo Beitia, Ashley Alexandra"]
[Result "1-0"]
[ECO "B38"]
[WhiteElo "1749"]
[BlackElo "1620"]
[Annotator "NA RC"]
[PlyCount "87"]
[EventDate "2022.06.24"]
[EventType "tourn"]
[EventCountry "NET"]
[SourceTitle "playchess.com"]
[Source "ChessBase"]
[SourceQuality "1"]
[TimeControl "180+2"]

1. e4 c5 2. Nf3 d6 3. d4 cxd4 4. Nxd4 Nf6 5. f3 g6 6. c4 Bg7 7. Nc3 O-O 8. Be3 Nc6 9. Be2 Nxd4 10. Bxd4 Be6 11. O-O Nd7 12. b3 Rc8 13. Bxg7 Kxg7 14. Qd4+ f6 15. Qxa7 Nb6 16. Qa3 Qc7 17. Kh1 Ra8 18. Qb2 Qc5 19. Rad1 Qb4 20. Qd2 Rfc8 21. Rfe1 Nd7 22. Bf1 Nc5 23. Qc2 Ra5 24. Nd5 Bxd5 25. exd5 Kf7 26. Qe2 Rc7 27. Rd2 Ra8 28. Qd1 Re8 29. Rde2 e6 30. Qc1 Nd3 31. Qh6 Kg8 32. Rd1 Ne5 33. f4 Ng4 34. Qh4 h5 35. h3 Nh6 36. Qxf6 Kh7 37. dxe6 Nf5 38. Kh2 Qc5 39. Rd3 Qc6 40. Re1 Rce7 41. g4 hxg4 42. hxg4 Ng7 43. Rh3+ Kg8 44. f5 1-0

[Event "Queens Festival Final-C 2022"]
[Site "Tornelo"]
[Date "2022.06.25"]
[Round "3.3"]
[White "Jimenez Salas, Maria Teresa"]
[Black "Pragnya H G"]
[Result "1-0"]
[ECO "B55"]
[WhiteElo "1813"]
[BlackElo "1605"]
[Annotator "NA RC"]
[PlyCount "99"]
[EventDate "2022.06.24"]
[EventType "tourn"]
[EventCountry "NET"]
[SourceTitle "playchess.com"]
[Source "ChessBase"]
[SourceQuality "1"]
[TimeControl "180+2"]

1. e4 c5 2. Nf3 d6 3. d4 cxd4 4. Nxd4 Nf6 5. f3 a6 6. c4 e5 7. Nc2 Be7 8. Nc3 Be6 9. Be3 Nbd7 10. Be2 O-O 11. O-O Rc8 12. Nd5 Ne8 13. Rc1 f5 14. exf5 Rxf5 15. Ncb4 Rf8 16. Nxe7+ Qxe7 17. Nd5 Qd8 18. Qb3 b5 19. cxb5 Nc7 20. Bc4 axb5 21. Nxc7 Bxc4 22. Rxc4 bxc4 23. Qxc4+ Kh8 24. Rc1 d5 25. Qc6 Rf6 26. Qb7 Rb6 27. Bxb6 Nxb6 28. Qxb6 h6 29. Rc5 d4 30. Nd5 d3 31. Qxd8+ Rxd8 32. Ne3 d2 33. Nd1 Rb8 34. Rxe5 Ra8 35. Rd5 Rxa2 36. Rxd2 Ra1 37. Kf2 Rc1 38. h3 Kh7 39. b4 Kg6 40. b5 Kf5 41. Ne3+ Ke5 42. b6 Rb1 43. Kg3 Ke6 44. Nc4 Rb4 45. Rb2 Rxb2 46. Nxb2 Kd6 47. Nc4+ Kc6 48. Kf4 Kb7 49. Kf5 Kc6 50. Kg6 1-0

[Event "Queens Festival Final-C 2022"]
[Site "Tornelo"]
[Date "2022.06.25"]
[Round "3.4"]
[White "Davari, Sara"]
[Black "Sanudula, K M Dahamdi"]
[Result "0-1"]
[ECO "B01"]
[WhiteElo "1674"]
[BlackElo "1710"]
[Annotator "NA RC"]
[PlyCount "128"]
[EventDate "2022.06.24"]
[EventType "tourn"]
[EventCountry "NET"]
[SourceTitle "playchess.com"]
[Source "ChessBase"]
[SourceQuality "1"]
[TimeControl "180+2"]

1. e4 d5 2. exd5 Qxd5 3. Nc3 Qa5 4. d4 Nf6 5. Bc4 Bg4 6. f3 Bf5 7. Nge2 e6 8. O-O c6 9. Ng3 Bg6 10. f4 Bh5 11. Nxh5 Qxh5 12. Qxh5 Nxh5 13. f5 exf5 14. Rxf5 Nf6 15. Bg5 Nbd7 16. Re1+ Be7 17. Rf3 Kf8 18. Bxf6 Nxf6 19. Ne4 h6 20. Ng3 g6 21. Ne4 Kg7 22. c3 Rhf8 23. Nxf6 Bxf6 24. Ref1 Bg5 25. Rxf7+ Rxf7 26. Rxf7+ Kh8 27. Rxb7 Rf8 28. h3 Be3+ 29. Kh1 Rf2 30. Re7 Bg5 31. Rxa7 Rxb2 32. g4 Rc2 33. Ra8+ Kg7 34. Ra7+ Kf8 35. Ra3 Bd2 36. Bd3 Rc1+ 37. Kg2 Bxc3 38. Bxg6 Bxd4 39. Rf3+ Ke7 40. Bf5 Rd1 41. Rd3 Rg1+ 42. Kh2 Bb6 43. Rb3 Bc5 44. Rb7+ Kd6 45. Rd7+ Ke5 46. Rf7 Ra1 47. Rh7 Rxa2+ 48. Kg3 Bf2+ 49. Kf3 Bd4 50. Rxh6 c5 51. Re6+ Kd5 52. Re8 Ra3+ 53. Ke2 Kc4 54. Be6+ Kb4 55. Rb8+ Kc3 56. g5 Ra1 57. h4 Rh1 58. Rb3+ Kc2 59. Rg3 Rxh4 60. g6 Re4+ 61. Kf3 Rxe6 62. g7 Re3+ 63. Kg2 Rxg3+ 64. Kxg3 Bxg7 0-1

[Event "Queens Festival Final-C 2022"]
[Site "Tornelo"]
[Date "2022.06.25"]
[Round "3.5"]
[White "Stadlinger, Lea"]
[Black "Lampard, Alice"]
[Result "0-1"]
[ECO "B35"]
[WhiteElo "1723"]
[BlackElo "1756"]
[Annotator "NA RC"]
[PlyCount "102"]
[EventDate "2022.06.24"]
[EventType "tourn"]
[EventCountry "NET"]
[SourceTitle "playchess.com"]
[Source "ChessBase"]
[SourceQuality "1"]
[TimeControl "180+2"]

1. e4 c5 2. Nf3 Nc6 3. d4 cxd4 4. Nxd4 g6 5. Nc3 Bg7 6. Be3 Nf6 7. Bc4 O-O 8. f3 Qb6 9. Bb3 Ng4 10. fxg4 Bxd4 11. Bxd4 Qxd4 12. Qxd4 Nxd4 13. Nd5 Nc6 14. O-O d6 15. Ne3 Nd4 16. Rad1 Nxb3 17. cxb3 Be6 18. Rc1 Rac8 19. Nd5 Bxd5 20. exd5 Rc5 21. Rxc5 dxc5 22. Re1 Re8 23. Kf2 Kf8 24. Rc1 b6 25. b4 cxb4 26. Rc7 Rd8 27. Rxa7 Rxd5 28. b3 e6 29. h3 Kg7 30. Ke3 Kf6 31. Ra4 Ra5 32. Rxb4 Rxa2 33. Kf3 Ra6 34. g3 Ke5 35. Rb5+ Kd6 36. Ke4 Kc6 37. Rb4 Ra5 38. Rc4+ Kd6 39. Rb4 Kc6 40. Rc4+ Rc5 41. Rxc5+ Kxc5 42. Ke5 Kb4 43. Kf6 Kxb3 44. Kxf7 e5 45. h4 e4 46. h5 gxh5 47. gxh5 e3 48. g4 e2 49. g5 e1=Q 50. g6 hxg6 51. hxg6 Qf2+ 0-1

[Event "Queens Festival Final-C 2022"]
[Site "Tornelo"]
[Date "2022.06.25"]
[Round "4.1"]
[White "Castillo Beitia, Ashley Alexandra"]
[Black "Lampard, Alice"]
[Result "0-1"]
[ECO "D85"]
[WhiteElo "1620"]
[BlackElo "1756"]
[Annotator "NA RC"]
[PlyCount "144"]
[EventDate "2022.06.24"]
[EventType "tourn"]
[EventCountry "NET"]
[SourceTitle "playchess.com"]
[Source "ChessBase"]
[SourceQuality "1"]
[TimeControl "180+2"]

1. d4 Nf6 2. c4 g6 3. Nc3 d5 4. cxd5 Nxd5 5. Nf3 Nxc3 6. bxc3 Bg7 7. e3 O-O 8. Bb2 c5 9. Be2 cxd4 10. cxd4 Bf5 11. O-O Nc6 12. Rc1 Rc8 13. Qb3 Na5 14. Qb5 a6 15. Rxc8 Bxc8 16. Qb4 Nc6 17. Qc5 Be6 18. Rd1 Qd5 19. Rc1 Qxc5 20. Rxc5 Bxa2 21. Bxa6 bxa6 22. Rxc6 Rb8 23. Bc3 Ra8 24. Nd2 Bd5 25. Rc5 Be6 26. Nc4 Bf8 27. Na3 Bd7 28. Ra5 e6 29. Nc2 Rc8 30. Rxa6 Rxc3 31. Ra2 Ba4 32. Ne1 Bb3 33. Ra1 Bb4 34. g3 Rc8 35. Nd3 Bf8 36. Ne5 Bd5 37. h4 Bd6 38. Ng4 Kg7 39. Nh2 h5 40. Nf1 e5 41. dxe5 Bxe5 42. Ra5 Rd8 43. e4 Bc4 44. Rxe5 Rd1 45. Kg2 Bxf1+ 46. Kf3 Bc4 47. Rc5 Be6 48. Ke3 Bg4 49. f3 Bh3 50. Kf4 Rd6 51. Rc3 f6 52. Rb3 Bg2 53. Rc3 Re6 54. Rb3 Kh6 55. Ke3 g5 56. hxg5+ fxg5 57. Kf2 Bh3 58. Rb1 g4 59. fxg4 Bxg4 60. Re1 Kg5 61. e5 Kf5 62. Re3 Rxe5 63. Rxe5+ Kxe5 64. Ke3 Bd1 65. Kf2 Ke4 66. Kg2 Ke3 67. Kh3 Bg4+ 68. Kh4 Kf3 69. Kg5 Kxg3 70. Kf6 h4 71. Ke5 h3 72. Kd4 h2 0-1

[Event "Queens Festival Final-C 2022"]
[Site "Tornelo"]
[Date "2022.06.25"]
[Round "4.2"]
[White "Sanudula, K M Dahamdi"]
[Black "Stadlinger, Lea"]
[Result "0-1"]
[ECO "D00"]
[WhiteElo "1710"]
[BlackElo "1723"]
[Annotator "NA RC"]
[PlyCount "124"]
[EventDate "2022.06.24"]
[EventType "tourn"]
[EventCountry "NET"]
[SourceTitle "playchess.com"]
[Source "ChessBase"]
[SourceQuality "1"]
[TimeControl "180+2"]

1. d4 d5 2. e3 e6 3. Bd3 Nf6 4. Nd2 c5 5. c3 Nc6 6. f4 Bd7 7. Ngf3 c4 8. Bc2 b5 9. Ne5 Be7 10. O-O O-O 11. Rf3 Nxe5 12. fxe5 Ne8 13. Rh3 h6 14. Qg4 f5 15. Qg6 Bg5 16. Nf3 Be7 17. Rxh6 Nc7 18. Rh3 Be8 19. Qh7+ Kf7 20. Rg3 Rg8 21. Ne1 Bh4 22. Nf3 Bxg3 23. hxg3 Kf8 24. Bd2 Qe7 25. Rf1 g5 26. Qh2 Qg7 27. Kf2 Rh8 28. Qg1 Bh5 29. Ke1 Bg4 30. e4 Bxf3 31. gxf3 f4 32. gxf4 Qh6 33. fxg5 Qh2 34. Qe3 dxe4 35. fxe4+ Ke7 36. Kd1 Qh5+ 37. Kc1 Rag8 38. d5 exd5 39. exd5 Nxd5 40. Qf4 Nxf4 41. Bxf4 Qh3 42. Rd1 Qg4 43. Be3 Qf3 44. Bd4 Ke6 45. b3 Rxg5 46. bxc4 bxc4 47. Ba4 Qf4+ 48. Kc2 Qh2+ 49. Rd2 Qf4 50. Bb5 Rh2 51. Bxc4+ Ke7 52. Bc5+ Ke8 53. Bb5+ Kf7 54. Rxh2 Qxh2+ 55. Kb3 Qxe5 56. Bc4+ Kg6 57. Bd4 Qb8+ 58. Kc2 Rg2+ 59. Kd3 Qg3+ 60. Ke4 Qg4+ 61. Kd5 Rb2 62. Bd3+ Kh5 0-1

[Event "Queens Festival Final-C 2022"]
[Site "Tornelo"]
[Date "2022.06.25"]
[Round "4.3"]
[White "Pragnya H G"]
[Black "Davari, Sara"]
[Result "0-1"]
[ECO "A01"]
[WhiteElo "1605"]
[BlackElo "1674"]
[Annotator "NA RC"]
[PlyCount "100"]
[EventDate "2022.06.24"]
[EventType "tourn"]
[EventCountry "NET"]
[SourceTitle "playchess.com"]
[Source "ChessBase"]
[SourceQuality "1"]
[TimeControl "180+2"]

1. b3 e5 2. Bb2 Nc6 3. e3 Nf6 4. c4 Be7 5. g3 O-O 6. Bg2 d6 7. Ne2 Be6 8. d4 exd4 9. exd4 d5 10. Nd2 Nb4 11. Qb1 Qd7 12. O-O Bf5 13. Qd1 Bc2 14. Qc1 Bd3 15. Qd1 Rfe8 16. Bf3 Bf8 17. a3 Nc6 18. cxd5 Nxd5 19. Nc4 Bxe2 20. Bxe2 Nb6 21. Bf3 Rad8 22. Nxb6 axb6 23. d5 Ne7 24. Qc2 Nxd5 25. Rad1 c6 26. Be4 h6 27. Bf3 Qe7 28. Bxd5 cxd5 29. Qd3 Qd6 30. Rfe1 Re6 31. Rxe6 Qxe6 32. Qd4 Qc6 33. Qd3 Qe6 34. Kf1 Qg6 35. Qxg6 fxg6 36. b4 Kf7 37. Bd4 b5 38. Rc1 Bd6 39. Ke2 Ra8 40. Rc3 Ke6 41. Kd3 Rf8 42. f4 Rf7 43. Bc5 Rc7 44. Bxd6 Rxc3+ 45. Kxc3 Kxd6 46. Kd4 b6 47. g4 Ke6 48. h4 Kd6 49. f5 gxf5 50. gxf5 h5 0-1

[Event "Queens Festival Final-C 2022"]
[Site "Tornelo"]
[Date "2022.06.25"]
[Round "4.4"]
[White "Orbe Vivero, Veronica Priscila"]
[Black "Jimenez Salas, Maria Teresa"]
[Result "1-0"]
[ECO "B22"]
[WhiteElo "1636"]
[BlackElo "1813"]
[Annotator "NA RC"]
[PlyCount "57"]
[EventDate "2022.06.24"]
[EventType "tourn"]
[EventCountry "NET"]
[SourceTitle "playchess.com"]
[Source "ChessBase"]
[SourceQuality "1"]
[TimeControl "180+2"]

1. e4 c5 2. c3 Nf6 3. e5 Nd5 4. d4 cxd4 5. Nf3 d6 6. cxd4 e6 7. Bc4 Nb6 8. Bd3 Nc6 9. O-O Be7 10. Nc3 O-O 11. Qe2 a6 12. Qe4 g6 13. Bh6 Re8 14. a3 dxe5 15. dxe5 Nd5 16. Rfd1 Nxc3 17. bxc3 Qc7 18. Rac1 Bxa3 19. Rc2 Be7 20. Re1 b5 21. Ng5 Bb7 22. Qh4 Qd8 23. Rd2 Qa5 24. Rc2 Rad8 25. Be4 Qa3 26. h3 Na5 27. Qf4 Bxe4 28. Qxf7+ Kh8 29. Qxh7# 1-0

[Event "Queens Festival Final-C 2022"]
[Site "Tornelo"]
[Date "2022.06.25"]
[Round "5.2"]
[White "Jimenez Salas, Maria Teresa"]
[Black "Vicze, Zsofia"]
[Result "1-0"]
[ECO "B56"]
[WhiteElo "1813"]
[BlackElo "1749"]
[Annotator "NA RC"]
[PlyCount "61"]
[EventDate "2022.06.24"]
[EventType "tourn"]
[EventCountry "NET"]
[SourceTitle "playchess.com"]
[Source "ChessBase"]
[SourceQuality "1"]
[TimeControl "180+2"]

1. e4 c5 2. Nf3 Nc6 3. d4 cxd4 4. Nxd4 Nf6 5. Nc3 d6 6. f3 e5 7. Nb3 Be6 8. Be3 Be7 9. Nd5 O-O 10. Be2 Qd7 11. c4 Rfd8 12. O-O Rac8 13. Rc1 b6 14. Qd2 Nb8 15. Rfd1 Na6 16. Na1 Nc7 17. Bf2 Qe8 18. Nc2 Ncxd5 19. cxd5 Bd7 20. Nb4 h6 21. Ba6 Rb8 22. Nc6 Bxc6 23. dxc6 Bf8 24. c7 Rdc8 25. cxb8=Q Rxb8 26. Rc7 Nd7 27. Bb5 Rd8 28. Rxa7 Qe6 29. Bxd7 Rxd7 30. Rxd7 Qxd7 31. Bxb6 1-0

[Event "Queens Festival Final-C 2022"]
[Site "Tornelo"]
[Date "2022.06.25"]
[Round "5.3"]
[White "Davari, Sara"]
[Black "Orbe Vivero, Veronica Priscila"]
[Result "1-0"]
[ECO "B31"]
[WhiteElo "1674"]
[BlackElo "1636"]
[Annotator "NA RC"]
[PlyCount "103"]
[EventDate "2022.06.24"]
[EventType "tourn"]
[EventCountry "NET"]
[SourceTitle "playchess.com"]
[Source "ChessBase"]
[SourceQuality "1"]
[TimeControl "180+2"]

1. e4 c5 2. Nf3 Nc6 3. Bb5 g6 4. O-O Bg7 5. Re1 Nf6 6. e5 Nd5 7. Nc3 Nc7 8. Bxc6 bxc6 9. Ne4 Ne6 10. d3 O-O 11. Be3 Rb8 12. Rb1 Qa5 13. a3 Rd8 14. Neg5 d6 15. Nxe6 Bxe6 16. Bg5 Rd7 17. exd6 exd6 18. c3 Rdb7 19. b4 Qxa3 20. Bf4 Bxc3 21. Bxd6 Rd8 22. Bxc5 Bxe1 23. Nxe1 Rbd7 24. d4 Bf5 25. Ra1 Qc3 26. Nf3 Re8 27. h3 Be4 28. Nd2 Bc2 29. Qc1 Re2 30. Nf3 Rd8 31. Ra3 Qc4 32. Ne5 Qb5 33. Re3 f6 34. Rxe2 Qxe2 35. Nxc6 Re8 36. Ne7+ Kf7 37. Qh6 Rxe7 38. Qxh7+ Ke8 39. Bxe7 Qxe7 40. Qg8+ Kd7 41. Qd5+ Ke8 42. Qc6+ Kf7 43. Qxc2 Qe1+ 44. Kh2 Qxb4 45. Qc7+ Qe7 46. Qc4+ Kg7 47. g3 Qd6 48. d5 Qe5 49. Qc6 Qe2 50. Qc5 Qa2 51. d6 f5 52. d7 1-0

[Event "Queens Festival Final-C 2022"]
[Site "Tornelo"]
[Date "2022.06.25"]
[Round "5.4"]
[White "Stadlinger, Lea"]
[Black "Pragnya H G"]
[Result "0-1"]
[ECO "B90"]
[WhiteElo "1723"]
[BlackElo "1605"]
[Annotator "NA RC"]
[PlyCount "60"]
[EventDate "2022.06.24"]
[EventType "tourn"]
[EventCountry "NET"]
[SourceTitle "playchess.com"]
[Source "ChessBase"]
[SourceQuality "1"]
[TimeControl "180+2"]

1. e4 c5 2. Nf3 d6 3. d4 cxd4 4. Nxd4 Nf6 5. Nc3 a6 6. Be3 e5 7. Nf3 Be7 8. Qd2 O-O 9. O-O-O b5 10. a3 Bb7 11. Bd3 Nbd7 12. Rhe1 Rc8 13. g3 Qc7 14. Bg5 h6 15. Bxf6 Nxf6 16. Bf1 Rfd8 17. Bh3 Rb8 18. Nh4 d5 19. exd5 Nxd5 20. Nxd5 Rxd5 21. Qe2 Rc5 22. c3 a5 23. Nf5 Bg5+ 24. Kb1 b4 25. axb4 axb4 26. cxb4 Rc4 27. Qxe5 Qxe5 28. Rxe5 Be4+ 29. Ka2 Rcxb4 30. Rd4 Ra8+ 0-1

[Event "Queens Festival Final-C 2022"]
[Site "Tornelo"]
[Date "2022.06.25"]
[Round "5.5"]
[White "Lampard, Alice"]
[Black "Sanudula, K M Dahamdi"]
[Result "0-1"]
[ECO "D35"]
[WhiteElo "1756"]
[BlackElo "1710"]
[Annotator "NA RC"]
[PlyCount "66"]
[EventDate "2022.06.24"]
[EventType "tourn"]
[EventCountry "NET"]
[SourceTitle "playchess.com"]
[Source "ChessBase"]
[SourceQuality "1"]
[TimeControl "180+2"]

1. d4 Nf6 2. c4 e6 3. Nc3 d5 4. cxd5 exd5 5. Qc2 Be7 6. Bg5 O-O 7. e3 h6 8. Bf4 c6 9. Nf3 Be6 10. Be2 Qc8 11. a3 Bf5 12. Bd3 Bxd3 13. Qxd3 Qg4 14. O-O-O Nbd7 15. Rdg1 Nb6 16. h3 Qe6 17. g4 Ne4 18. Rh2 c5 19. g5 h5 20. Ne5 cxd4 21. exd4 Nxc3 22. bxc3 Bxa3+ 23. Kd1 Nc4 24. Nxc4 dxc4 25. Qd2 Qf5 26. Rhg2 Rfe8 27. Be5 Rad8 28. f4 Bd6 29. g6 f6 30. Re2 fxe5 31. fxe5 Ba3 32. Rg5 Qb1+ 33. Qc1 Qxc1# 0-1